TKirby, lawful female human Samurai ----------- --------- -------- |.(........ |.......| |......| |....@....| |.......| #.(..>...# |.........| |........# #------|-# |*........| |.......|# ## # # --.-------- |.......|# # # # ## --.------# # # # # # # # # # # ### # # # ### # # # # # # # `###### # # # ### # #------------.--# # # # #-.............|# ## ### ---------.------ |......^......|# -|--- # |..............| |.......>.....|# |...| ###-............... |.............|# |<...#######|..............| |..............# |...| #...............| --------------- ----- ---------------- TKirby the Ronin Experience level: 3 Strength: 16 Dexterity: 16 Constitution: 18 Intelligence: 9 Wisdom: 10 Charisma: 7 Health: 33(33) Energy: 11(11) Def: 6 Gold: 471 Moves: 733 Dungeon seed: h7QcisoyQrQlfPxc Game ID: TKirby_1505326140 Your Inventory: Coins $ - 471 gold pieces Weapons a - a +0 katana b - a +0 wakizashi c - a +0 yumi (weapon in hand) d - 35 +0 ya (in quiver) Armor e - an uncursed rustproof +0 splint mail (being worn) Scrolls f - an uncursed scroll of genocide Spellbooks g - an uncursed spellbook of magic missile h - an uncursed spellbook of slow monster Potions j - an uncursed potion of healing k - an uncursed potion of blindness Wands i - a wand of undead turning (0:6) Gems n - an uncursed worthless piece of yellowish brown glass q - an uncursed jade stone Spells and supernatural/magical abilities: Name Level Category Fail Memory m - magic missile 2 attack 100% 100% s - slow monster 2 enchantment 100% 100% W - pray for help -- divine ? -- Your skills at the end: Fighting Skills martial arts [Basic] Weapon Skills short sword [Basic] long sword [Basic] bow [Basic] Spellcasting Skills Final Attributes: You were fervently aligned. You were fast. You were unlucky. You survived. Vanquished creatures: a little dog a gas spore a gecko 2 jackals a goblin 2 lichens 7 newts 15 creatures vanquished. Voluntary challenges: You went without food. You were an atheist. You used a wielded weapon 13 times, starting on turn 2. You read items or engraved 8 times, starting on turn 105. You never genocided any monsters. You never polymorphed an object. You never changed form. You used no wishes. You never split a pudding. You never wrote Elbereth's name. You violated your moral code, losing 15 points of alignment, starting on turn 723. Dungeon overview: The Dungeons of Doom: levels 1 to 3 Level 1 some fountains a long staircase Level 2 an altar to Raijin Level 3 <- You were here a long staircase History has recorded: On T:1 you entered the Dungeons of Doom to retrieve the Amulet of Yendor! On T:367 you reached level 2 of The Dungeons of Doom. On T:527 you reached level 3 of The Dungeons of Doom. On T:656 you advanced to experience level 2. On T:723 you advanced to experience level 3. Score breakdown: Gold: 471 ( 9095 points) Experience: 3 levels ( 7878 points) Exploration: 3 levels ( 6.12%) ( 6123 points) Discoveries: 2 items ( 0.81%) ( 2705 points) Valuables value: (no points given unless you survive) Artifact value: 0 ( 0 points) Variety of kills: 7 monsters ( 1.84%) ( 4066 points) Turncount: 733 turns ( 0 points) Survival: quit (score multiplied by 90%) Total score: 26880 Latest messages: You are beginning to feel hungry. You stop exploring. This door is locked. As you kick the door, it crashes open! You miss the gas spore. (2x) You displace star. A gas spore blocks your way. You displace star. You are empty handed. a - a +0 katana (alternate weapon; not wielded). You are now wielding your yumi. You are empty handed. c - a +0 yumi (alternate weapon; not wielded). You are now wielding your yumi. You kill the gas spore! You kill it! Welcome to experience level 3. You hear the rumble of distant thunder... You attack thin air. You see here a white gem. You see here a large box. Hmmm, it seems to be locked. Final status: Sayonara TKirby the Samurai, quit... You quit in The Dungeons of Doom on dungeon level 3 with 26880 points, and 471 pieces of gold, after 733 moves. You were level 3 with a maximum of 33 hit points when you quit.